 Dungeon Crawl Stone Soup version 0.29.0-15-g675c0067aa (webtiles) character file.

Game seed: 17182915806199694428

1883 H0rd4k the Cutter (level 9, -2/67 (68) HPs)
             Began as a Human Artificer on Sept 12, 2022.
             Was an Initiate of Gozag.
             Slain by a komodo dragon (7 damage)
             ... on level 7 of the Dungeon.
             The game lasted 00:10:16 (9768 turns).

H0rd4k the Cutter (Human Artificer)                 Turns: 9768, Time: 00:10:16

HP:   -2/67 (68)    AC: 13    Str: 10    XL:     9   Next: 36%
MP:   13/13         EV:  5    Int: 16    God:    Gozag
Gold: 267           SH:  0    Dex: 10    Spells: 14/14 levels left

rFire   + . .      SeeInvis .   o - +1 short sword (venom)
rCold   + + .      Faith    +   (no shield)
rNeg    . . .      Spirit   .   k - +4 chain mail {rF+}
rPois   +          Reflect  .   n - +0 helmet
rElec   .          Harm     .   (no cloak)
rCorr   .          Rampage  .   (no gloves)
Will    .....                   (no boots)
Stlth   ..........              t - amulet "Ycin" {Faith rPois rC++ Dex-4}
HPRegen 0.21/turn               (no ring)
MPRegen 0.13/turn               (no ring)

@: lightly drained
A: sense surroundings 1, weak 1
a: Renounce Religion, Potion Petition, Call Merchant, Bribe Branch


You were on level 7 of the Dungeon.
You worshipped Gozag.
Gozag was aware of your devotion.
You visited 2 branches of the dungeon, and saw 8 of its levels.

You collected 418 gold pieces.
You paid 151 gold pieces to Gozag.

Inventory:

Hand Weapons
 a - a +0 club
 b - a +0 flail of holy wrath
 o - a +1 short sword of venom (weapon)
Missiles
 h - 16 poisoned darts
Armour
 k - a +4 chain mail of fire resistance (worn)
 n - a +0 helmet (worn)
Jewellery
 q - an amulet of faith
 t - the amulet "Ycin" (around neck) {Faith rPois rC++ Dex-4}
   (You found it on level 3 of the Dungeon)

   [amulet of faith]

   It allows you to gain divine favour quickly.
   Dex:       It affects your dexterity (-4).
   rC:        It greatly protects you from cold.
   rPois:     It protects you from poison.
Wands
 e - a wand of iceblast (14)
Scrolls
 f - a scroll of magic mapping {unknown}
 g - a scroll of brand weapon {unknown}
 i - 8 scrolls of teleportation {unknown}
 l - 2 scrolls of poison {unknown}
 r - 3 scrolls of identify {unknown}
 u - a scroll of enchant armour {unknown}
 y - a scroll of blinking {unknown}
Potions
 j - 2 potions of berserk rage {unknown}
 m - a potion of attraction {unknown}
 p - a potion of flight {unknown}
 s - a potion of mutation
 v - 3 potions of ambrosia {unknown}
 w - a potion of heal wounds {unknown}
 z - a potion of resistance {unknown}


   Skills:
 + Level 5.0 Fighting
 * Level 6.9 Short Blades
 + Level 5.2 Maces & Flails
 - Level 2.0 Armour
 + Level 3.8 Dodging
 - Level 1.0 Stealth
 * Level 3.2 Spellcasting
 - Level 3.0 Evocations


You had 14 spell levels left.
You didn't know any spells.
Your spell library contained the following spells:

 Spells                   Type           Power      Damage    Failure   Level
 Beastly Appendage        Tmut           4%         N/A       100%        1
 Sandblast                Erth           4%         2d4       100%        1
 Passwall                 Tmut/Erth      1%         N/A       100%        2
 Wereblood                Tmut           2%         N/A       100%        2
 Spider Form              Tmut/Pois      2%         N/A       100%        3
 Stone Arrow              Conj/Erth      4%         3d7       100%        3


Dungeon Overview and Level Annotations

Branches:
Dungeon (7/15)             Temple (1/1) D:6

Altars:
Ashenzari
Cheibriados
Dithmenos
Gozag
Hepliaklqana
Kikubaaqudgha
Makhleb
Nemelex Xobeh
Okawaru
Qazlal
Sif Muna
Trog
Uskayaw
Wu Jian
Xom
Yredelemnul
Zin
The Shining One

Shops:
D:2 *   D:5 :

Annotations:
D:3 4 runed translucent doors, exclusion: 4 doors, Crazy Yiuf; Venard's ghost, amateur MeEE
D:5 exclusion: 2 downstairs
Temple 2 transporters


Innate Abilities, Weirdness & Mutations

You passively map a small area around you.
You are weak. (Str -2)


Message History

You feel a bit more experienced.
You now have 267 gold pieces (gained 15).
An iguana comes into view.
A komodo dragon comes into view.
The iguana hisses angrily.
The komodo dragon hisses angrily.
An iguana comes into view.
Found an inky potion and 12 gold pieces.
The iguana hisses angrily.
There are monsters nearby!
There are monsters nearby!
The iguana barely misses you. The iguana attacks as you move away!
The iguana bites you!
You barely miss the iguana.
The frilled lizard attacks as you move away!
The frilled lizard bites you but does no damage.
The iguana bites you.
You hit the iguana.
The iguana is poisoned.
The iguana is lightly wounded.
You hit the iguana.
The iguana looks as sick as possible!
The iguana is moderately wounded.
The iguana bites you but does no damage.
You hit the iguana but do no damage.
The iguana looks as sick as possible!
The iguana is heavily wounded.
The iguana hisses menacingly.
The iguana barely misses you.
You closely miss the iguana.
The iguana is heavily wounded.
Aiming: Mindburst
Press: ? - help, Shift-Dir - straight line, f - komodo dragon
Aim: a komodo dragon (chance to affect: 60%)
The komodo dragon's mind is blasted!!
The komodo dragon bites you!!
* * * LOW HITPOINT WARNING * * *
Unknown command.
Aiming: Mindburst
Press: ? - help, Shift-Dir - straight line, f/p - komodo dragon
Aim: a komodo dragon (moderately wounded, chance to affect: 60%)
The komodo dragon's mind is blasted!
The now-empty wand crumbles to dust.
The komodo dragon bites you!
You die...
Your body crumbles into a pile of gold.

,......l?l.......#
##.........##.#.
$......###.##.# *
.....#. #.$$.# ,..
*
##.#...###l##.#...♣
* #.##......l....#
* #, #..#.##l#.#.#
# #. #l# ..# ### *
* * # #@#*#.# #.# ,
,* * *, #.# #.# #.#
* ,* #.# #"# #.# ,
#.# #.# #.# , $
,,,, #.###.###.# *
, , * #.........# *
* * * #####)###.# *
#.# #.# * #)# #.#


You could see a komodo dragon, 2 iguanas and a frilled lizard.

Vanquished Creatures
  Eustachio (D:4)
  A steam dragon (D:5)
  2 black bears
  An ice beast (D:5)
  A sky beast (D:7)
  2 kobold brigands (D:6)
  A bullfrog (D:6)
  2 scorpions
  2 wights (D:6)
  A howler monkey (D:6)
  3 orc priests
  2 hounds (D:5)
  4 iguanas
  Ijyb (D:4)
  2 orc wizards
  6 adders
  2 white imps (D:5)
  2 dart slugs
  16 orcs
  8 ball pythons
  7 endoplasms
  A giant cockroach (D:1)
  9 hobgoblins
  4 jackals (D:1)
  10 kobolds
  3 quokkas
  6 bats
  2 frilled lizards (D:3)
  7 goblins
  5 rats
114 creatures vanquished.

Vanquished Creatures (collateral kills)
  An ice beast (D:6)
  A gnoll sergeant (D:6)
  A necrophage (D:5)
  2 gnolls (D:6)
  2 worms
7 creatures vanquished.

Vanquished Creatures (others)
  An ogre (D:4)
  A hound (D:5)
  An adder (D:5)
  3 fungi (D:3)
  5 plants (D:7)
11 creatures vanquished.

Grand Total: 132 creatures vanquished

Notes
Turn   | Place    | Note
-------+----------+-------------------------------------------
     0 | D:1      | H0rd4k the Human Artificer began the quest for the Orb.
     0 | D:1      | Reached XP level 1. HP: 15/15 MP: 1/1
   400 | D:1      | Reached XP level 2. HP: 14/21 MP: 2/2
   517 | D:1      | Reached skill level 1 in Maces & Flails
  1215 | D:1      | Reached XP level 3. HP: 18/26 MP: 3/3
  2565 | D:2      | Gained mutation: You are weak. (Str -2) [potion of
                  | mutation]
  2565 | D:2      | Gained mutation: You passively map a small area around you.
                  | [potion of mutation]
  2565 | D:2      | HP: 1/26 [poisoned by a hobgoblin]
  3288 | D:2      | Found Uthronn's General Store.
  3361 | D:2      | Reached XP level 4. HP: 28/33 MP: 4/4
  3423 | D:2      | Found a glowing silver altar of Zin.
  4299 | D:3      | Found a sparkling altar of Nemelex Xobeh.
  4337 | D:3      | You fall into a shaft and drop 2 floors!
  4337 | D:5      | Entered Level 5 of the Dungeon
  4342 | D:5      | Found an ornate altar of the Wu Jian Council.
  4363 | D:4      | Noticed a black bear
  4412 | D:5      | Reached XP level 5. HP: 15/38 MP: 5/5
  4416 | D:5      | Found a shadowy altar of Dithmenos.
  5022 | D:5      | Noticed a black bear
  5074 | D:5      | Killed a black bear
  5075 | D:5      | Reached XP level 6. HP: 28/46 MP: 6/6
  5292 | D:5      | Noticed an ice beast
  5308 | D:5      | Killed an ice beast
  5309 | D:5      | Reached skill level 1 in Short Blades
  5309 | D:5      | Reached XP level 7. HP: 34/52 MP: 6/8
  5478 | D:5      | Found Iqalla's Tremendous Tomes.
  5567 | D:4      | Reached skill level 1 in Spellcasting
  6023 | D:3      | Identified the amulet "Ycin" {Faith rPois rC++ Dex-4}
  6178 | D:3      | Found a runed translucent gate.
  6178 | D:3      | Found a runed translucent gate.
  6178 | D:3      | Found a runed translucent gate.
  6178 | D:3      | Noticed Venard's ghost (amateur MeEE)
  6282 | D:3      | Found a hide-covered altar of Uskayaw.
  6282 | D:3      | Found a basalt altar of Yredelemnul.
  6345 | D:3      | Reached skill level 5 in Maces & Flails
  6389 | D:3      | Found a bloodstained altar of Trog.
  6664 | D:3      | Found a runed translucent door.
  6665 | D:3      | Noticed Crazy Yiuf
  6723 | D:4      | Reached skill level 2 in Short Blades
  7214 | D:4      | Noticed Ijyb
  7230 | D:4      | Killed Ijyb
  7231 | D:4      | Reached XP level 8. HP: 57/59 MP: 10/10
  7287 | D:4      | Found a broken altar of Ashenzari.
  7523 | D:4      | Noticed Eustachio
  7557 | D:4      | Killed Eustachio
  7558 | D:4      | Reached skill level 3 in Short Blades
  8060 | D:5      | Reached skill level 4 in Short Blades
  8439 | D:6      | Reached skill level 5 in Short Blades
  8475 | D:6      | Reached XP level 9. HP: 40/66 MP: 11/13
  8681 | D:6      | Found a staircase to the Ecumenical Temple.
  8689 | Temple   | Entered the Ecumenical Temple
  8689 | Temple   | Found a transporter.
  8689 | Temple   | Found a transporter.
  8691 | Temple   | Found a transporter.
  8691 | Temple   | Found a transporter.
  8713 | Temple   | Became a worshipper of Gozag Ym Sagoz the Greedy
  8755 | D:6      | Reached skill level 6 in Short Blades
  8800 | D:6      | HP: 3/64 [wight/+4 trident (8)]
  9739 | D:7      | Reached skill level 5 in Fighting
  9751 | D:7      | Noticed a komodo dragon
  9768 | D:7      | Slain by a komodo dragon

Illustrated notes

Levels and vault maps discovered:
D:1:      dpeg_arrival_rhombus, layout_basic, minmay_misc_feat_ornament
D:2:      layout_basic, serial_shops, nicolae_square_shop, basic_altar,
          minmay_misc_feat_room, minmay_tetromino_o4
D:3:      layout_basic, general_overflow_altar, grunt_temple_overflow_open,
          mainiacjoe_overflow_boulevard, gammafunk_ghost_necromancy,
          uniq_crazy_yiuf_cottage
D:4:      nicolae_cairo_tiling, layout_loops_ring,
          ashenzari_conservatory_becter, minmay_misc_feat_four_crosses,
          uniq_eustachio, uniq_ijyb
D:5:      layout_basic, mainiacjoe_overflow_catwalk,
          mainiacjoe_overflow_chevrons, minmay_misc_feat_columns,
          nicolae_shop_i_like_big_books, minmay_misc_feat_chi
D:6:      layout_rooms, minmay_temple_entry_grid,
          minmay_fractal_squares_gapless_5
D:7:      layout_loops_ring, fedhas_altar_4, minmay_lizard_king
Temple:   hellmonk_temple_divided_pantheon

Skill      XL: |  1  2  3  4  5  6  7  8  9 |
---------------+----------------------------+-----
Maces & Flails | 1 2 4 5 |  5.2
Dodging        | 2 3 |  3.8
Fighting       | 2 3 4 5 |  5.0
Short Blades   | 1 2 5 6 |  6.9
Spellcasting   | 1 2 3 |  3.2
Armour         | |  2.0
Stealth        | |  1.0
Evocations     | |  3.0

Action                   |  1- 3 |  4- 6 |  7- 9 || total
-------------------------+-------+-------+-------++-------
Melee: Club              |   202 |    98 |       ||   300
       Punch             |     2 |     1 |    10 ||    13
       Short sword       |       |    24 |   325 ||   349
Evoke: Wand              |     2 |    20 |    15 ||    37
  Use: Potion            |     2 |       |     2 ||     4
 Stab: Sleeping          |     3 |       |       ||     3
       Distracted        |     1 |       |       ||     1
Armor: Leather armour    |    55 |       |       ||    55
       Chain mail        |    62 |   119 |   235 ||   416
Dodge: Dodged            |   101 |    33 |    84 ||   218
